[Event "Early-Titled-Tuesday-Blitz-October-10-2023"]
[Site "Chess.com"]
[Date "2023.10.10"]
[Round "10"]
[White "UK_23"]
[Black "lluiss"]
[Result "0-1"]
[WhiteElo "2352"]
[BlackElo "2204"]
[TimeControl "180+1"]
[EndTime "9:54:54 PDT"]
[Termination "lluiss won by resignation"]

1. e4 c5 2. Nf3 d6 3. Bb5+ Nd7 4. O-O a6 5. Be2 Ngf6 6. Nc3 g6 7. d4 cxd4 8. Nxd4 Bg7 9. Be3 O-O 10. Qd2 Re8 11.
Bh6 Bh8 12. Rad1 Ne5 13. f3 Bd7 14. Kh1 Nc6 15. Nb3 Rc8 16. Rfe1 b5 17. a3 Ne5 18. Bf1 Nc4 19. Bxc4 Rxc4 20. Qe3 Qc7 21. Rd2 Be6 22. Red1 Rc8 23. Bf4 Nd7 24. Nd4 Nc5 25. Bg5 Qd7 26. Qf4 Rxc3 27. bxc3 Na4 28. Nxe6 Qxe6 29. Qh4 Nxc3 30. Rf1 Rc7 31. h3 a5 32. Be3 Bf6 33.
Qh6 Rc4 34. Bg5 Be5 35. Qh4 f6 36. Bf4 Bd4 37. Qe1 b4 38. axb4 axb4 39. Be3 Be5 40. Qa1 Kf7 41. Qa8 Nb5 42. f4 Bc3 43. Re2 Na3 44. f5 Qe5 45. fxg6+ hxg6 46. Qh8 Ke6 47. Qg8+ Kd7 48. Qxg6 Qe6 49. Qg4 Qxg4 50. hxg4 Be5 51.
Rf5 Rxc2 52. Rxc2 Nxc2 53. Bd2 b3 54. Rf1 b2 55. Rb1 Na3 56. Rf1 b1=Q 57. Rxb1 Nxb1 58. g5 Nxd2 59. g6 Ke8 60. Kg1 Kf8 61. g4 Kg7 62.
Kg2 Kxg6 0-1

[Event "Early-Titled-Tuesday-Blitz-October-10-2023"]
[Site "Chess.com"]
[Date "2023.10.10"]
[Round "10"]
[White "GMKrikor"]
[Black "Sadykov_Ramil"]
[Result "1-0"]
[WhiteElo "2833"]
[BlackElo "2621"]
[TimeControl "180+1"]
[EndTime "9:54:57 PDT"]
[Termination "GMKrikor won on time"]

1. Nf3 Nf6 2. c4 c6 3. Nc3 d5 4. d4 e6 5. cxd5 exd5 6. Bf4 Bf5 7. e3 Bd6 8. Bxd6 Qxd6 9. Nh4 Bg6 10. h3 Nbd7 11. Nxg6 hxg6 12. Bd3 O-O 13. O-O Rfe8 14. Qc2 Nf8 15. Rae1 Re7 16. f3 Rae8 17. Qd2 Ne6 18. f4 c5 19. f5 gxf5 20. Bxf5 cxd4 21. exd4 Qb6 22. Rd1 a6 23. Qf2 Ng5 24. Rd3 Nge4 25. Qh4 Nxc3 26. bxc3 Re2 27. Rg3 Re1 28. Rxg7+ Kxg7 29.
Rxe1 Rxe1+ 30. Qxe1 Qb2 31. Qe3 Ne4 32. Bxe4 dxe4 33.
Qxe4 Qxc3 34. Qxb7 Qxd4+ 35. Kh2 Qe5+ 36. g3 Qe2+ 37.
Qg2 Qe3 38. Qb2+ Kg8 39. h4 a5 40. a3 a4 41. Kh3 Qe6+ 42. Kg2 Qe4+ 43. Kf2 Qd3 44.
Qc1 Qd4+ 45. Qe3 Qb2+ 46. Kf3 Qb3 47. g4 Kg7 48. Kf4 Qc4+ 49. Kg3 Qb3 50. Kf2 Qc2+ 51. Kf3 Qb3 52. g5 Kg6 53. Kf4 Qc2 54. Kg3 Qb3 55. Kf3 1-0

[Event "Early-Titled-Tuesday-Blitz-October-10-2023"]
[Site "Chess.com"]
[Date "2023.10.10"]
[Round "10"]
[White "Herzog2012"]
[Black "Byniolus"]
[Result "1-0"]
[WhiteElo "2535"]
[BlackElo "2716"]
[TimeControl "180+1"]
[EndTime "9:54:58 PDT"]
[Termination "Herzog2012 won by resignation"]

1. e4 d6 2. d4 Nf6 3. Nc3 c6 4. a4 a5 5. f4 Qb6 6. Nf3 Bg4 7. Be2 Bxf3 8. Bxf3 e5 9. Ne2 Nbd7 10. b3 Be7 11. Ba3 d5 12. Bxe7 dxe4 13. Bxf6 Nxf6 14. fxe5 exf3 15.
exf6 fxe2 16. Qxe2+ Kf8 17. Qe7+ Kg8 18. O-O-O Qb4 19. Qxb4 axb4 20. Rhf1 Ra5 21. Kd2 h5 22. Kd3 Rg5 23. g3 h4 24. fxg7 Kxg7 25. gxh4 Rxh4 26. Rg1 Kg6 27. Rxg5+ Kxg5 28. Rd2 b5 29. a5 f5 30. a6 Rh3+ 31. Ke2 Rxh2+ 32. Ke3 Rh3+ 33. Ke2 Rh8 34. Rd1 Kf4 35. a7 Ra8 36. Ra1 Ke4 37. Kd2 Kxd4 38. Ra6 Kd5 39. Ke3 Kd6 40. Kf4 Kc7 41.
Kxf5 Kb7 42. Ra1 Rxa7 43. Rxa7+ Kxa7 44. Ke5 Kb7 45. Kd6 Kb6 46. Kd7 Kc5 47. Kc7 Kd5 48. Kb6 Kd6 49. Kb7 c5 50. Kb6 Kd5 51. Kxb5 Kd4 52. Kc6 c4 53. Kb5 Kc3 54. bxc4 Kxc2 55.
Kxb4 1-0

[Event "Early-Titled-Tuesday-Blitz-October-10-2023"]
[Site "Chess.com"]
[Date "2023.10.10"]
[Round "10"]
[White "chessfatbear"]
[Black "ArtemDyachuk"]
[Result "1-0"]
[WhiteElo "2817"]
[BlackElo "2682"]
[TimeControl "180+1"]
[EndTime "9:54:59 PDT"]
[Termination "chessfatbear won on time"]

1. e4 c5 2. Nf3 d6 3. d4 cxd4 4. Nxd4 Nf6 5. Nc3 Nc6 6. Bg5 e6 7. Qd2 a6 8. O-O-O Bd7 9. f4 Be7 10. Nf3 b5 11. Bxf6 gxf6 12. f5 Qb6 13. Kb1 O-O-O 14.
g3 Kb8 15. fxe6 fxe6 16. Bh3 Rc8 17. Nd5 Qd8 18. Nxe7 Qxe7 19. Qxd6+ Qxd6 20. Rxd6 Kc7 21. Rhd1 Rhd8 22. c3 Na5 23. Rxa6 Bc6 24. Rxd8 Rxd8 25. Nd4 e5 26. Ne6+ Kb7 27. Nc5+ Kc7 28. Rxa5 Rd1+ 29. Kc2 Rh1 30. Bf5 Rxh2+ 31. Kd3 Rxb2 32. Ra6 h5 33.
Be6 Rg2 34. Bd5 Rxg3+ 35. Kd2 Be8 36. Rxf6 h4 37. Rh6 h3 38. Nd3 Rg2+ 39. Ke3 h2 40.
Nf2 Rg3+ 41. Ke2 Rg2 42. Kf3 Rg1 43. Rxh2 Rc1 44. Nd3 Rxc3 45. Ke3 b4 46. Kd2 Bb5 47.
Nxb4 Rg3 48. Rh6 Rg2+ 49. Ke3 Rb2 50. Nd3 Rg2 51. Nxe5 Rg3+ 52. Kd4 Rg1 53. Kc5 Be8 54. Rh7+ Kb8 55. Rb7+ Kc8 56. Nc4 1-0

[Event "Early-Titled-Tuesday-Blitz-October-10-2023"]
[Site "Chess.com"]
[Date "2023.10.10"]
[Round "10"]
[White "C_K_G"]
[Black "NowInChess"]
[Result "1-0"]
[WhiteElo "1966"]
[BlackElo "2212"]
[TimeControl "180+1"]
[EndTime "9:54:59 PDT"]
[Termination "C_K_G won on time"]

1. e4 e6 2. Nf3 d5 3. Nc3 Nf6 4. e5 Nfd7 5. d4 c5 6. Bg5 Qb6 7. dxc5 Bxc5 8. Qd2 Nc6 9. Bb5 O-O 10. Bf4 d4 11.
Bd3 dxc3 12. bxc3 Be7 13. O-O Nc5 14. Be3 Qc7 15. Bxc5 Bxc5 16. Qe2 Rd8 17. Qe4 g6 18. Rfe1 Bf8 19. Rad1 Bd7 20. Ng5 Bg7 21. Qh4 h6 22. Nf3 Nxe5 23. Nxe5 Bxe5 24. Qxh6 Bg7 25. Qg5 Bc6 26. h4 Rd5 27. Qg4 Rh5 28. g3 Rd8 29.
Be2 Rxd1 30. Rxd1 Qe7 31. Qf4 Qf6 32. Qxf6 Bxf6 33. Bxh5 gxh5 34. Rd3 Bd5 35. a3 Kf8 36.
Re3 Ke7 37. f4 Kd6 38. Kf2 Bd8 39. Ke2 Bc4+ 40. Kd2 Bb6 41. Re4 Bd5 42. Re2 Bc5 43.
a4 Kc6 44. Kd3 f5 45. c4 Be4+ 46. Kc3 Kb6 47. Rd2 Ka5 48. Rd7 Kxa4 49. Rh7 Bb4+ 50. Kd4 Bf3 51. Rh6 1-0

[Event "Early-Titled-Tuesday-Blitz-October-10-2023"]
[Site "Chess.com"]
[Date "2023.10.10"]
[Round "10"]
[White "ferrufino64"]
[Black "vedantgoswami"]
[Result "1/2-1/2"]
[WhiteElo "2219"]
[BlackElo "2383"]
[TimeControl "180+1"]
[EndTime "9:55:01 PDT"]
[Termination "Game drawn by repetition"]

1. e4 c6 2. d4 d5 3. Nc3 dxe4 4. Nxe4 Bf5 5. Ng3 Bg6 6. h4 h6 7. Nf3 Nd7 8. h5 Bh7 9. Bd3 Bxd3 10. Qxd3 e6 11. Bd2 Ngf6 12. O-O-O Be7 13. Ne4 Nxe4 14.
Qxe4 Nf6 15. Qe2 Qd5 16. c4 Qe4 17. Be3 O-O 18. Nd2 Qh7 19. g4 b5 20. f4 bxc4 21.
g5 Nd5 22. Nxc4 Qe4 23. gxh6 gxh6 24. Rhg1+ Kh7 25. Rg3 Rg8 26. Rdg1 Rxg3 27. Rxg3 Rg8 28. Rxg8 Kxg8 29. Qf2 Bf6 30. Kd2 Kf8 31. a3 Ke7 32.
Ne5 Bxe5 33. dxe5 a5 34. Bc5+ Kd7 35. Be3 a4 36. Qe2 Nxf4 37. Bxf4 Qxf4+ 38. Kc2 Qf5+ 39.
Kc1 Qg5+ 40. Kb1 Ke7 41. Ka2 Qf4 42. Qe1 Qc4+ 43. Kb1 c5 44. Qe3 Qd4 45. Qxh6 Qxe5 46. Qd2 Qxh5 47. Qa5 Qf5+ 48. Ka2 Qd5+ 49. Kb1 Qc4 50.
Qc7+ Kf8 51. Qd8+ Kg7 52. Qg5+ Kh7 53. Qh5+ Kg7 54. Qg5+ Kh8 55. Qh5+ Kg8 56. Qg5+ Kf8 57. Qd8+ Kg7 58. Qg5+ 1/2-1/2

[Event "Early-Titled-Tuesday-Blitz-October-10-2023"]
[Site "Chess.com"]
[Date "2023.10.10"]
[Round "10"]
[White "zverr1"]
[Black "Maksimus1998"]
[Result "0-1"]
[WhiteElo "2495"]
[BlackElo "2613"]
[TimeControl "180+1"]
[EndTime "9:55:02 PDT"]
[Termination "Maksimus1998 won by checkmate"]

1. d4 Nf6 2. c4 e6 3. Nf3 b6 4. g3 Ba6 5. Qc2 Bb7 6. Bg2 Bb4+ 7. Nbd2 Be4 8. Qb3 Bxd2+ 9. Bxd2 O-O 10. O-O d6 11.
Qe3 a5 12. Bc3 Nbd7 13. b3 h6 14. Rac1 Qc8 15. Nd2 Bxg2 16. Kxg2 a4 17. b4 b5 18. c5 d5 19. a3 Re8 20. Qd3 c6 21. Rce1 Qc7 22. f4 Rad8 23. Nf3 Ne4 24. Bd2 Nf8 25.
Bc1 f6 26. Bb2 Qe7 27. Rg1 Qf7 28. e3 Nd7 29. Kf1 e5 30. Kg2 Nexc5 31. dxc5 e4 32. Qd1 exf3+ 33. Qxf3 Re4 34. Bd4 Rde8 35. Kf2 Nf8 36.
f5 Nd7 37. g4 Ne5 38. Bxe5 R8xe5 39. Qd1 Re8 40. Rg3 Qc7 41. Kg2 Qe5 42. Qd2 Qe7 43. Rf3 Rxg4+ 44. Rg3 Qe4+ 45. Kg1 Qxf5 46. Qg2 Rxg3 47.
hxg3 Qe4 48. Qxe4 Rxe4 49. Kf2 Kf7 50. Rh1 Rc4 51. Rd1 Rc2+ 52. Kf3 Rc3 53. Kf4 Ke6 54. e4 Rc4 55. Kf3 Rxe4 56. Rd2 h5 57. Rd3 h4 58. gxh4 Rxh4 59. Kg3 g5 60. Rd1 Rc4 61. Re1+ Kf7 62. Rh1 Kg7 63. Re1 Re4 64. Rf1 Re3+ 65. Kg4 Rxa3 66. Re1 Kf7 67. Rh1 Rb3 68. Re1 Rxb4+ 69.
Kh5 Rh4# 0-1

[Event "Early-Titled-Tuesday-Blitz-October-10-2023"]
[Site "Chess.com"]
[Date "2023.10.10"]
[Round "10"]
[White "falzehope0"]
[Black "koncheto"]
[Result "1-0"]
[WhiteElo "2331"]
[BlackElo "2485"]
[TimeControl "180+1"]
[EndTime "9:55:03 PDT"]
[Termination "falzehope0 won by resignation"]

1. d4 Nf6 2. e3 b6 3. f4 Bb7 4.
Nf3 d5 5. Bd3 Nbd7 6. O-O e6 7.
Nbd2 Bd6 8. Ne5 Ne4 9. Qg4 g6 10.
Ndf3 Qe7 11. Bxe4 dxe4 12. Ng5 f5 13. Qg3 Bxe5 14. fxe5 O-O-O 15. a3 c5 16. c3 Ba6 17. Rf2 Bd3 18. b4 c4 19. b5 h6 20. Nh3 g5 21. a4 Kb7 22. a5 Qf7 23. Ba3 Qh5 24. Rfa2 Ra8 25. Bd6 Rhg8 26. Qf2 Qg4 27. Qd2 Qh4 28.
Nf2 g4 29. Nxd3 exd3 30. Ra4 Rgc8 31. Qa2 Qd8 32. Rxc4 Rxc4 33. Qxc4 Rc8 34. Qxd3 bxa5 35. c4 Nb6 36. c5 Nd5 37. c6+ Ka8 38. Qa3 Qb6 39. Qxa5 h5 40. Bc5 Qxa5 41. Rxa5 Rc7 42. b6 Nxb6 43. Bxb6 Rxc6 44. Bc5 h4 45. Rxa7+ Kb8 46.
Ra1 g3 47. hxg3 hxg3 48. Kf1 Rc8 49. Ke2 Kc7 50. Ra7+ Kc6 51. Rg7 Kd5 52. Rxg3 Ra8 53. Kf3 Ra1 54. Rg7 Rf1+ 55. Ke2 Ra1 56. Kf2 Ra2+ 57.
Kf3 Ra1 58. Rd7+ Kc4 59. Rd6 Rf1+ 60. Kg3 Kd3 61. Rxe6 Ke4 62. Rf6 Kxe3 63. e6 Ke4 64.
e7 f4+ 65. Kg4 Rg1 66. e8=Q+ Kd3 67. Qc6 Rf1 68. Qf3+ Rxf3 69. Kxf3 1-0

[Event "Early-Titled-Tuesday-Blitz-October-10-2023"]
[Site "Chess.com"]
[Date "2023.10.10"]
[Round "10"]
[White "RianKapriaga"]
[Black "mortngabriel"]
[Result "1/2-1/2"]
[WhiteElo "2315"]
[BlackElo "2488"]
[TimeControl "180+1"]
[EndTime "9:55:03 PDT"]
[Termination "Game drawn - insufficient material"]

1. d4 Nf6 2. Nf3 c5 3. d5 b5 4. Bg5 Qb6 5. Bxf6 Qxf6 6. c3 d6 7. e4 a6 8. Be2 Nd7 9. O-O g5 10. a4 b4 11. a5 g4 12. Nfd2 h5 13. Nc4 Bh6 14. Qb3 Rb8 15. Nbd2 bxc3 16. Qxc3 Bg7 17.
Rfc1 O-O 18. Rab1 Rb4 19. Ne3 Ne5 20. Rf1 Bd7 21. Bxa6 Ra8 22. Be2 Rxa5 23. Ra1 Rxa1 24. Rxa1 Rxb2 25. Qa5 Rxd2 26. Qxd2 Nf3+ 27. gxf3 Qxa1+ 28. Kg2 gxf3+ 29. Bxf3 Qe5 30. Qe2 Qg5+ 31. Kh1 h4 32.
Bg4 Bxg4 33. Nxg4 Be5 34. h3 Qf4 35. Kg2 c4 36. Qxc4 Kg7 37. Qe2 f5 38. exf5 Qxf5 39. Nxe5 dxe5 40. Qg4+ Kf6 41. Qxf5+ Kxf5 42. Kf3 e4+ 43.
Ke3 Ke5 44. f4+ exf3 45. Kxf3 Kxd5 46. Kg4 e5 47. Kxh4 Kd4 48. Kg3 Kd3 49. Kf2 Kd2 50. Kf3 Kd3 51. Kf2 e4 52. Ke1 Ke3 53. h4 Kf4 54. Ke2 Kg4 55. Ke3 Kh5 56. Kxe4 Kxh4 1/2-1/2

[Event "Early-Titled-Tuesday-Blitz-October-10-2023"]
[Site "Chess.com"]
[Date "2023.10.10"]
[Round "10"]
[White "hawes33"]
[Black "kritipatel"]
[Result "1-0"]
[WhiteElo "2274"]
[BlackElo "2114"]
[TimeControl "180+1"]
[EndTime "9:55:04 PDT"]
[Termination "hawes33 won by resignation"]

1. e4 e5 2. Nf3 Nc6 3. d4 exd4 4. Bc4 Nf6 5. O-O Nxe4 6. Re1 d5 7. Bxd5 Qxd5 8.
Nc3 Qa5 9. Nxe4 Be6 10. Bg5 h6 11. Bh4 g5 12. Nf6+ Ke7 13. Nxd4 Kxf6 14. Nxc6 bxc6 15. Qd4+ Kg6 16. Rxe6+ fxe6 17. Qxh8 gxh4 18. Qg8+ Kf6 19. Rd1 Qg5 20. Qh7 Be7 21. g3 h3 22. Qe4 Rd8 23. Re1 Qf5 24. Qh4+ Kf7 25. Qxh6 Bg5 26.
Qh5+ Ke7 27. Qe2 Rf8 28. f4 Bf6 29. c3 Qd5 30. Qe3 Rg8 31. Qe4 Qxe4 32. Rxe4 Rd8 33. Re2 Rd1+ 34. Kf2 Kd7 35. Kf3 Be7 36. Kg4 Ra1 37. a3 Rb1 38. Kxh3 Bc5 39. Kg4 Rf1 40. h4 Rh1 41. h5 Ke7 42. Kg5 Kf7 43. g4 Be7+ 44.
Kh6 Kf8 45. g5 Kf7 46. g6+ Kf6 47. Re5 Bf8+ 48. Kh7 Rg1 49. Kg8 Bg7 50. Rg5 Rf1 51. Rc5 Rxf4 52. Rxc6 Rh4 53. Rc5 Rf4 54. Rxc7 Rh4 55.
Rf7+ Kg5 56. Kxg7 Rxh5 57. Re7 Rh2 58. Rxe6 Rxb2 59. Re5+ Kg4 60. Kf6 Rb6+ 61. Re6 Rb3 62. g7 Rb8 63. Kf7 Rb7+ 64. Re7 Rb8 65. g8=Q+ Rxg8 66.
Kxg8 1-0

[Event "Early-Titled-Tuesday-Blitz-October-10-2023"]
[Site "Chess.com"]
[Date "2023.10.10"]
[Round "10"]
[White "Aswathchess"]
[Black "HrvojeZagreb"]
[Result "1-0"]
[WhiteElo "2633"]
[BlackElo "2351"]
[TimeControl "180+1"]
[EndTime "9:55:05 PDT"]
[Termination "Aswathchess won by resignation"]

1. Nf3 f5 2. d4 Nf6 3. Bg5 e6 4. Nbd2 d5 5. e3 c6 6. c4 Bd6 7.
Qc2 O-O 8. c5 Bc7 9. b4 Nbd7 10.
Rb1 a6 11. a4 Qe8 12. g3 Ne4 13. Bf4 e5 14. dxe5 Nxe5 15. Bg2 Nxf3+ 16. Nxf3 Bxf4 17. gxf4 g5 18. fxg5 f4 19. O-O Qh5 20. Kh1 Bh3 21. Bxh3 Qxh3 22. Ng1 Qh5 23. exf4 Rxf4 24. Rb3 Raf8 25.
Qe2 Qxg5 26. Nh3 Qf5 27. Nxf4 Qxf4 28. f3 Nd2 29. Rg1+ Kh8 30. Qe7 Qf6 31. Qxf6+ Rxf6 32.
Re3 Rf8 33. Kg2 Nc4 34. Re7 d4 35. Rxb7 Ne3+ 36. Kf2 Nf5 37. Rd7 Re8 38. Re1 Rg8 39. Re5 Rg5 40. Re8+ Rg8 41. Rxg8+ Kxg8 42. Rc7 Ne3 43.
Rxc6 Nd1+ 44. Ke2 Nc3+ 45. Kd3 Nxa4 46. Rxa6 Nb2+ 47. Kxd4 Kf7 48. Ra7+ Ke6 49. c6 Kd6 50. b5 Nd1 51. Rxh7 Nf2 52. Rh6+ Kc7 53. Kc4 Nd1 54. Kc5 Ne3 55. b6+ Kd8 56. Rh8+ Ke7 57. c7 Nf5 58. c8=Q Nd6 59. Rh7+ 1-0

[Event "Early-Titled-Tuesday-Blitz-October-10-2023"]
[Site "Chess.com"]
[Date "2023.10.10"]
[Round "10"]
[White "DrVelja"]
[Black "wqws"]
[Result "1-0"]
[WhiteElo "2849"]
[BlackElo "2677"]
[TimeControl "180+1"]
[EndTime "9:55:07 PDT"]
[Termination "DrVelja won by resignation"]

1. e4 c5 2. Nf3 d6 3. Bc4 Nc6 4. O-O e6 5. Re1 Nf6 6. d3 Be7 7. c3 O-O 8. Bb3 e5 9. Bg5 h6 10. Bxf6 Bxf6 11. Nbd2 g6 12. Nf1 Bg7 13. Ne3 Kh8 14.
a4 f5 15. h3 f4 16. Nd5 g5 17. Nh2 Ne7 18. Nxe7 Qxe7 19. a5 Qe8 20. Bd5 Rb8 21.
d4 h5 22. dxc5 dxc5 23. b4 Qg6 24. bxc5 g4 25. hxg4 hxg4 26. Rb1 g3 27. Nf3 Bf6 28. Kf1 gxf2 29. Kxf2 Qg3+ 30. Ke2 Bg4 31. Kd3 Rfd8 32. Kc4 Kg7 33. Qe2 Rdc8 34. Rxb7+ Rxb7 35. Bxb7 Rc7 36. Bd5 Be7 37. c6 Bh4 38. Rb1 Bd8 39. Rb8 Bc8 40. Kb3 Bf6 41. Qb5 Qxg2 42. Rxc8 Rxc8 43. Qb7+ Kh6 44. Qxc8 Qxf3 45. Qe6 Qd1+ 46. Kb4 Qb1+ 47. Bb3 Kg5 48. c7 Qxe4+ 49. Qc4 Qb7+ 50. Ka4 Qc8 51. Qg8+ Qxg8 52. Bxg8 f3 53. c8=Q f2 54. Bc4 e4 55.
Be2 e3 56. Qg4+ Kh6 57. Qf3 Bg5 58. c4 1-0

[Event "Early-Titled-Tuesday-Blitz-October-10-2023"]
[Site "Chess.com"]
[Date "2023.10.10"]
[Round "10"]
[White "mary-sanna"]
[Black "AnaKuchava"]
[Result "0-1"]
[WhiteElo "2154"]
[BlackElo "2256"]
[TimeControl "180+1"]
[EndTime "9:55:07 PDT"]
[Termination "AnaKuchava won on time"]

1. d4 d5 2. c4 e6 3. Nf3 Nf6 4. g3 Bb4+ 5. Nbd2 O-O 6. Bg2 c5 7.
dxc5 Bxc5 8. cxd5 Nxd5 9. O-O Nc6 10. Ne4 Be7 11. Bg5 Bd7 12. Rc1 Rc8 13. Bxe7 Qxe7 14.
Nc5 b6 15. Nxd7 Qxd7 16. Qa4 Ne5 17. Qxd7 Nxd7 18. Nd4 Nc5 19. Bxd5 exd5 20. Rc2 Ne4 21. Rfc1 Nd6 22. Rxc8 Rxc8 23. Rxc8+ Nxc8 24. Kg2 Kf8 25. Kf3 Ke7 26. Ke3 g6 27. h4 h5 28. b4 Kf6 29.
Nc6 Ke6 30. Kd4 Kd6 31. Ne5 Ke6 32. Nd3 Nd6 33. Nf4+ Kd7 34. Kxd5 Nb5 35. Kc4 Nd6+ 36. Kd3 Kc6 37. a4 a5 38. bxa5 bxa5 39. f3 Nf5 40. g4 hxg4 41. fxg4 Nxh4 42. Ke4 g5 43. Nh3 Kc5 44. Nxg5 f6 45. Nh7 Kb4 46. Nxf6 Kxa4 47. g5 Kb3 48. Nd5 a4 49. Nf4 a3 50. Nd3 Kc2 51.
Kf4 Kc3 52. Kg4 a2 53. Kxh4 a1=Q 54. Kh5 Qh1+ 55. Kg6 Qe4+ 56. Kf7 Qf5+ 0-1

[Event "Early-Titled-Tuesday-Blitz-October-10-2023"]
[Site "Chess.com"]
[Date "2023.10.10"]
[Round "10"]
[White "JiiHart"]
[Black "ajedrezhoy"]
[Result "0-1"]
[WhiteElo "2192"]
[BlackElo "2365"]
[TimeControl "180+1"]
[EndTime "9:55:08 PDT"]
[Termination "ajedrezhoy won on time"]

1. e4 Nf6 2. e5 Nd5 3. Nf3 d6 4. Bc4 Nb6 5. Bxf7+ Kxf7 6. Ng5+ Kg8 7. e6 Qe8 8. Qf3 g6 9. d4 h6 10. Nf7 Rh7 11.
d5 Rxf7 12. exf7+ Qxf7 13. Qxf7+ Kxf7 14. Nc3 Bf5 15. Kd1 Na6 16. a3 Nc5 17. Re1 Re8 18.
f3 e5 19. g4 Bd7 20. b4 Nca4 21. Ne4 Nxd5 22. Bd2 b5 23. c3 Nab6 24. Kc2 Nc4 25. a4 bxa4 26. h3 Bb5 27. Nf2 Nxd2 28. Kxd2 Bg7 29. Ne4 Nf4 30. c4 Bc6 31. b5 Bxe4 32.
Rxe4 d5 33. cxd5 Nxd5 34. Raxa4 Rb8 35. Rxa7 Rxb5 36. Rc4 Bf8 37. Kd3 Bd6 38. Ke4 Nf6+ 39. Kd3 Rb3+ 40. Rc3 Rxc3+ 41. Kxc3 Ke6 42. Kc4 h5 43.
Ra6 hxg4 44. hxg4 Nh7 45. Ra8 Ng5 46. Rg8 Kf7 47. Rh8 Nxf3 48. Kd5 Ng5 49. Rh2 Ne6 50. Rf2+ Nf4+ 51. Ke4 Ke6 52. Rh2 Kf6 53. Rh8 Kg5 54. Rg8 Kxg4 55. Rg7 g5 56. Rg8 Kh5 57. Rg7 Kh6 58.
Rg8 Ng6 59. Ra8 Ne7 60. Ra6 Kg6 61. Kf3 Kf5 62. Ra4 Nd5 63. Re4 Nf6 64. Re1 e4+ 65. Kg2 g4 66. Rd1 Nd5 67. Rd4 Nf4+ 68. Kf1 g3 69. Ra4 e3 70. Ra5+ Kg4 71. Kg1 Kf3 72.
Ra3 Bxa3 0-1

[Event "Early-Titled-Tuesday-Blitz-October-10-2023"]
[Site "Chess.com"]
[Date "2023.10.10"]
[Round "10"]
[White "ural58"]
[Black "MdChess1734"]
[Result "0-1"]
[WhiteElo "2494"]
[BlackElo "2402"]
[TimeControl "180+1"]
[EndTime "9:55:13 PDT"]
[Termination "MdChess1734 won on time"]

1. e4 c6 2. Nf3 d5 3. e5 d4 4. Bc4 c5 5. b4 Nc6 6. bxc5 e6 7.
Ba3 Qa5 8. O-O Bxc5 9. Bxc5 Qxc5 10. d3 Nge7 11. Re1 Ng6 12. Qe2 O-O 13. Nbd2 b5 14.
Bb3 Bb7 15. Ne4 Qe7 16. Nd6 Ngxe5 17. Nxb7 Nxf3+ 18. Qxf3 Qxb7 19. a4 a6 20. Rab1 Qd7 21.
Re4 Rab8 22. axb5 Rxb5 23. Ra1 Rf5 24. Qg3 Nb4 25. h4 a5 26. Re5 Rxe5 27. Qxe5 Nc6 28.
Qe4 Qd6 29. h5 h6 30. g3 Rc8 31. Ba4 Nb4 32. Qb7 Rc5 33. Be8 Qf8 34. Ba4 Rxh5 35. Qf3 Rf5 36. Qe4 Qd6 37. Bb3 Re5 38. Qg4 Kh7 39.
Qd1 Rc5 40. Qd2 Qc6 41. Bc4 e5 42. c3 dxc3 43. Qxc3 Qd6 44. Rd1 Nc6 45. Qa1 Nd4 46. Qa2 Qc6 47. Kh2 Nf3+ 48. Kh3 Qd7+ 49. Kg2 Qc6 50.
Kh3 Ng5+ 51. Kh2 Qf3 52. d4 exd4 53. Bd3+ g6 54. Rd2 Ne4 55. Bxe4 Rh5+ 0-1

[Event "Early-Titled-Tuesday-Blitz-October-10-2023"]
[Site "Chess.com"]
[Date "2023.10.10"]
[Round "10"]
[White "JimDiGrease"]
[Black "astralpulse"]
[Result "1-0"]
[WhiteElo "2910"]
[BlackElo "2716"]
[TimeControl "180+1"]
[EndTime "9:55:14 PDT"]
[Termination "JimDiGrease won on time"]

1. d4 d5 2. c4 e6 3. Nf3 Nf6 4. Qc2 Be7 5. cxd5 exd5 6. Bf4 c6 7. e3 Bg4 8. Nc3 Nbd7 9. Bd3 Bh5 10. Nh4 Bg6 11. Nf5 Bxf5 12. Bxf5 Nf8 13. O-O-O Ng6 14. Be5 a5 15. h4 Bd6 16. f4 Ne7 17. Bd3 h5 18. Bxf6 gxf6 19. Rhf1 Bb4 20. Na4 b5 21. Nc5 Bxc5 22. dxc5 Qc7 23. e4 O-O-O 24. exd5 Rxd5 25. Be4 Rxd1+ 26. Qxd1 f5 27. Bd3 Qa7 28. Qc2 Rd8 29.
Bxf5+ Kb8 30. Be4 Rd4 31. b3 Nd5 32. Bf3 Nb4 33. Qf5 Nd3+ 34. Kc2 Nb4+ 35. Kb1 Rd2 36. Qe5+ Ka8 37. Qe8+ Kb7 38. Qe7+ Ka6 39. Qxa7+ Kxa7 40. Bxh5 Rxg2 41. Bxf7 Rh2 42. h5 Nd3 43. f5 Nxc5 44. f6 Ne4 45. Rf4 Nc3+ 46. Kc1 Ne2+ 47. Kd1 Nxf4 48.
Bg6 Nd5 49. f7 Rf2 50. h6 Ne7 51. Bh5 Nd5 52. h7 Ne3+ 53. Ke1 Rh2 54. h8=Q Nc2+ 55. Kd1 Ne3+ 56. Kc1 Rh1+ 57. Kb2 Nd1+ 58. Kc2 Ne3+ 59. Kd3 Nd5 60. f8=Q Rh3+ 61. Kd4 Rh4+ 62. Kc5 1-0

[Event "Early-Titled-Tuesday-Blitz-October-10-2023"]
[Site "Chess.com"]
[Date "2023.10.10"]
[Round "10"]
[White "FairChess_on_YouTube"]
[Black "MagnusCarlsen"]
[Result "1-0"]
[WhiteElo "3089"]
[BlackElo "3268"]
[TimeControl "180+1"]
[EndTime "9:55:18 PDT"]
[Termination "FairChess_on_YouTube won by resignation"]

1. Nf3 e6 2. c4 b6 3. g3 Bb7 4.
Bg2 g6 5. d4 Bg7 6. Nc3 Nf6 7.
d5 O-O 8. O-O Na6 9. Nd4 e5 10.
Nc2 d6 11. e4 Bc8 12. b4 Nd7 13. Bb2 Nab8 14. Qd2 a5 15. a3 Nf6 16. Rae1 Nbd7 17. Nb5 Ba6 18. Bc3 Bxb5 19. cxb5 axb4 20. axb4 h5 21. Ra1 Rxa1 22. Rxa1 Kh7 23. Qd3 Bh6 24.
Qc4 Qb8 25. Bh3 Rd8 26. Kg2 Bg7 27. f3 Bh6 28. Qc6 Nf8 29. Ne1 Ng8 30. Qc4 Nd7 31. Qa2 Ndf6 32. Nd3 Be3 33. Re1 Bh6 34. Ra1 Re8 35. Qa7 Qd8 36. Qb7 Ne7 37. Ra7 g5 38. Nf2 g4 39. fxg4 hxg4 40. Bxg4 Be3 41. Bf3 Bxf2 42.
Kxf2 Nc8 43. Ra8 Qd7 44. Kg2 Kg6 45. Qc6 Qe7 46. Qb7 Qd7 47. Qc6 Qe7 48. Rb8 Qf8 49. Qxc7 Qh6 50. Rxc8 Rxc8 51. Qxc8 Qe3 52. Qf5+ Kg7 53.
Be1 Qxe1 54. Qg5+ Kf8 55. Qxf6 Qxb4 56. Qd8+ Kg7 57. Qxb6 Qb2+ 58. Qf2 Qxb5 59. Bg4 Qd3 60. Bf5 Qd1 61. h4 Qd3 62. Qf3 Qd2+ 63. Kh3 Qe1 64.
Bg4 Qc1 65. Bh5 Kh6 66. g4 1-0

[Event "Early-Titled-Tuesday-Blitz-October-10-2023"]
[Site "Chess.com"]
[Date "2023.10.10"]
[Round "10"]
[White "dropstoneDP"]
[Black "adotand"]
[Result "1-0"]
[WhiteElo "3083"]
[BlackElo "2892"]
[TimeControl "180+1"]
[EndTime "9:55:25 PDT"]
[Termination "dropstoneDP won by resignation"]

1. Nf3 Nf6 2. c4 e6 3. g3 d5 4. d4 Bb4+ 5. Bd2 Be7 6. Bg2 O-O 7. O-O Nbd7 8. Qc2 c6 9. Bf4 h6 10. Rc1 a5 11. Nc3 Nh5 12. Bd2 f5 13. Re1 Bd6 14. a3 Nhf6 15. cxd5 exd5 16. Qxf5 Ne5 17. Qc2 Nxf3+ 18. exf3 Qc7 19. Rac1 Qf7 20. Na4 Rb8 21.
Bxa5 Nh5 22. Bb4 Bxb4 23. axb4 Bf5 24. Qd2 Nf6 25. Nc3 b5 26. Re3 Rfe8 27. Rce1 Qf8 28. Nd1 Bd7 29. Re5 Nh7 30. f4 Nf6 31. Ne3 Ra8 32.
b3 Ra3 33. Qc3 Ra2 34. Ra1 Rea8 35. Rxa2 Rxa2 36. h3 Qa8 37. g4 Ra1+ 38. Kh2 Ra2 39. Kg3 Qd8 40. Bf3 h5 41. Qc5 hxg4 42. hxg4 Ra1 43. Qe7 Qxe7 44. Rxe7 Kf8 45. Re5 Rb1 46. g5 Ne8 47. Bd1 Nd6 48. Bc2 Rb2 49. f5 Rxc2 50.
Nxc2 Nxf5+ 51. Kf4 Nd6 52. g6 Nc8 53. Kg5 Nd6 54.
f3 Ne8 55. Ne3 Nc7 56. f4 Ne6+ 57. Rxe6 Bxe6 58. f5 Bd7 59. f6 Kg8 60. Nf5 gxf6+ 61. Kxf6 Bxf5 62. Kxf5 Kg7 63. Kg5 Kf8 64. Kf6 Kg8 65. g7 1-0

[Event "Early-Titled-Tuesday-Blitz-October-10-2023"]
[Site "Chess.com"]
[Date "2023.10.10"]
[Round "10"]
[White "alexrustemov"]
[Black "TatjanaVasilevich"]
[Result "0-1"]
[WhiteElo "2863"]
[BlackElo "2645"]
[TimeControl "180+1"]
[EndTime "9:55:32 PDT"]
[Termination "TatjanaVasilevich won on time"]

1. d4 Nf6 2. c4 e6 3. Nf3 Bb4+ 4. Bd2 Bxd2+ 5. Qxd2 O-O 6. Nc3 d6 7. g3 Qe7 8. Bg2 e5 9. O-O Nc6 10. dxe5 dxe5 11. Nd5 Nxd5 12. cxd5 Rd8 13. h3 e4 14. Ng5 f5 15. h4 Be6 16. Nxe6 Qxe6 17. Rfd1 Qe5 18.
Rac1 Ne7 19. Qb4 Nxd5 20. Qxb7 Rab8 21. Qxa7 Qxb2 22. e3 Nc3 23. Rxd8+ Rxd8 24. Rf1 Qb6 25. Qa3 Rd3 26. Qe7 h6 27. Bh3 Rd5 28.
h5 Qd6 29. Qe8+ Kh7 30. Qc8 Qe5 31. a3 f4 32. exf4 Qxh5 33. Bg4 Qf7 34. Be6 Rd8 35. Qxd8 Qxe6 36. Qd2 Nd5 37. Re1 h5 38. Qd4 Nf6 39.
Qe5 Qg4 40. Rxe4 h4 41. Re3 Qd1+ 42. Re1 Qd3 43. Qe3 Qf5 44. Qf3 h3 45. Kh1 Ng4 46. Rf1 Kh6 47. Kg1 Qh5 48. Re1 Qf5 49. Qe4 h2+ 50. Kg2 Qxe4+ 51. Rxe4 h1=Q+ 52. Kxh1 Nxf2+ 53. Kg2 Nxe4 54. a4 Nc5 55. a5 Kg6 56. g4 Kf6 57.
Kf3 Ke6 58. Ke3 Kd5 59. f5 Ke5 60. Kf3 c6 61. Ke3 Na6 62. Kd3 Kd5 63. g5 Ke5 64. f6 gxf6 65. g6 Ke6 66. Ke4 f5+ 67. Kf4 Kf6 68.
g7 Kxg7 69. Ke5 f4 70. Kd6 f3 71. Kxc6 f2 72. Kb6 f1=Q 0-1